 Dungeon Crawl Stone Soup version 0.19.0-20-gbc5f0c6 (webtiles) character file.

133 equalderp2856 the Scratcher (level 4, 0/22 HPs)
             Began as a Felid Fighter on Nov 16, 2016.
             Killed by nerve-wracking pain
             ... invoked by Grinder
              (1 damage)
             ... on level 3 of the Dungeon.
             The game lasted 00:11:43 (3917 turns).

equalderp2856 the Scratcher (Felid Fighter)         Turns: 3917, Time: 00:11:44

Health: 0/22       AC:  3    Str: 15    XL:     4   Next: 93%
Magic:  5/5        EV: 19    Int: 10    God:
Gold:   225        SH:  0    Dex: 15    Spells: 0 memorised, 3 levels left
                                        Lives:  0   Deaths: 1

rFire  . . .     SeeInvis +       - Unarmed
rCold  . . .     Gourm    .     (armour unavailable)
rNeg   . . .     Faith    .     (shield unavailable)
rPois  .         Spirit   .     (helmet unavailable)
rElec  .         Reflect  .     (cloak unavailable)
rCorr  .         Harm     .     (gloves unavailable)
MR     .....                    (boots unavailable)
Stlth  +++.......               (no amulet)
                                (no ring)
                                (no ring)

@: quick
A: no armour, no weapons or thrown items, stealth, claws 1, fangs 3, slimy green
scales 1, see invisible, carnivore 3, speed 1, shaggy fur 1, slow metabolism 1,
strong 1, MP-powered wands, sharp paws
a: no special abilities


You were on level 3 of the Dungeon.
You were not hungry.

You visited 1 branch of the dungeon, and saw 3 of its levels.

You collected 225 gold pieces.

Inventory:

Missiles
 u - 2 arrows
Jewellery
 g - an uncursed amulet of regeneration {unknown}
Scrolls
 c - a scroll of immolation {unknown}
 d - 3 scrolls of identify {unknown}
 f - 3 scrolls of remove curse {unknown}
 h - 4 scrolls of fog {unknown}
 o - a scroll of magic mapping {unknown}
 p - 3 scrolls of amnesia {unknown}
 q - 2 scrolls of teleportation {unknown}
 s - a scroll of enchant weapon {unknown}
 t - 2 scrolls of enchant armour {unknown}
Potions
 a - a potion of might
 e - a potion of degeneration {unknown}
 j - a potion of curing {unknown}
 k - a potion of lignification {unknown}
 m - a potion of mutation
 n - a potion of heal wounds
 r - a potion of agility {unknown}
 w - a potion of brilliance {unknown}
 x - a potion of flight
 z - a potion of ambrosia {unknown}
Comestibles
 b - 2 meat rations
 i - a slice of pizza


   Skills:
 + Level 3.8 Fighting
 + Level 4.4 Dodging
 + Level 3.1 Stealth
 + Level 6.2 Unarmed Combat


You had 3 spell levels left.
You didn't know any spells.

Dungeon Overview and Level Annotations

Branches:
Dungeon (3/15)

Altars:
Cheibriados
Dithmenos
Fedhas
Gozag
Nemelex Xobeh
Qazlal
Trog
Vehumet
The Shining One

Annotations:
D:1 2 exclusions
D:3 Grinder


Innate Abilities, Weirdness & Mutations

You cannot wear armour.
You are incapable of wielding weapons or throwing items.
Your paws allow you to move quietly. (Stealth)
You have sharp claws.
You have razor-sharp teeth.
You have supernaturally acute eyesight. (SInv)
You are carnivorous and can eat meat at any time.
You cover ground quickly.
You are covered in fur. (AC +1)
You have a slow metabolism.
Your sharp claws are effective at attacking unaware monsters.
You are partially covered in slimy green scales. (AC +2)
Your muscles are strong. (Str +2)
You expend magic power (3 MP) to strengthen your wands.


Message History

Grinder blinks!
Grinder gestures at you. Pain shoots through your body!
* * * LOW HITPOINT WARNING * * *
It was a potion of heal wounds.
You feel much better. Grinder hits you.
You writhe in agony.
You see here 6 tomahawks.
You scratch Grinder but do no damage. You bite Grinder.
Grinder is almost dead.
Grinder hits you.
You writhe in agony.
* * * LOW HITPOINT WARNING * * *
You scratch Grinder.
Grinder is almost dead.
Grinder says, "Tell me all your secrets, or I'll kill you."
Grinder closely misses you.
You barely miss Grinder.
Grinder is almost dead.
Grinder gestures at you. Pain shoots through your body!
You die...

.##.##### ###5#
#.###### #####
###...# #.......
###....†# ##.######
#...#r#.###.#.#####
##.#...#.##.###.....
#......#.###.#.#####
#.#).....##<....#
#.#5##.####.....#
#.#@##.# #.....#
#.#.##.# #.....#
#.#.##.# #.....#
#......# #######
###.#### #.#
####.#######
#.......##(## ####
#.##.##.#.#.## ##...


You could see Grinder and a rat.

Vanquished Creatures
  A bullfrog (D:3)
  Ijyb (D:3)
  7 adders
  5 worms
  4 dart slugs
  4 leopard geckos
  An orc (D:3)
  A ball python (D:3)
  7 bats
  5 giant cockroaches
  8 goblins
  8 hobgoblins
  8 jackals
  A quokka (D:2)
  7 frilled lizards
  7 kobolds
  8 rats
83 creatures vanquished.

Vanquished Creatures (others)
  3 fungi (D:2)
3 creatures vanquished.

Grand Total: 86 creatures vanquished

Notes
Turn   | Place    | Note
-------+----------+-------------------------------------------
     0 | D:1      | equalderp2856 the Felid Fighter began the quest for the Orb.
     0 | D:1      | Reached XP level 1. HP: 10/10 MP: 2/2
   179 | D:1      | Reached XP level 2. HP: 14/14 MP: 3/3
   700 | D:2      | Reached XP level 3. HP: 14/17 MP: 4/4
   783 | D:2      | Reached skill level 5 in Unarmed Combat
   847 | D:2      | Reached skill level 1 in Stealth
  1328 | D:2      | Reached XP level 4. HP: 21/21 MP: 5/5
  1351 | D:2      | Found a radiant altar of Vehumet.
  1352 | D:2      | Found a glowing golden altar of the Shining One.
  1353 | D:2      | Found a shadowy altar of Dithmenos.
  1355 | D:2      | Found a bloodstained altar of Trog.
  1358 | D:2      | Found a stormy altar of Qazlal.
  1360 | D:2      | Found a sparkling altar of Nemelex Xobeh.
  1360 | D:2      | Found an opulent altar of Gozag.
  1361 | D:2      | Found a snail-covered altar of Cheibriados.
  1952 | D:2      | Found a blossoming altar of Fedhas.
  2601 | D:3      | Reached XP level 5. HP: 23/24 MP: 6/6
  2787 | D:3      | Reached skill level 6 in Unarmed Combat
  3184 | D:3      | Noticed Ijyb
  3192 | D:3      | Killed Ijyb
  3399 | D:3      | Noticed a moth of wrath
  3401 | D:3      | Noticed Grinder
  3402 | D:3      | Found a bloodstained altar of Trog.
  3436 | D:3      | Paralysed by Grinder for 2 turns
  3455 | D:3      | Gained mutation: You are partially covered in slimy green scales. (AC +2) [potion of mutation]
  3455 | D:3      | Gained mutation: Your muscles are strong. (Str +2) [potion of mutation]
  3455 | D:3      | Gained mutation: You expend magic power (3 MP) to strengthen your wands. [potion of mutation]
  3877 | D:3      | Paralysed by Grinder for 4 turns
  3883 | D:3      | Killed from afar by Grinder
  3884 | D:3      | Reached XP level 4. HP: -5/22 MP: 5/5
  3915 | D:3      | HP: 1/22 [Grinder (6)]
  3917 | D:3      | Killed from afar by Grinder

Skill      XL: |  1  2  3  4  5 |
---------------+----------------+-----
Unarmed Combat | 5 6 |  6.2
Stealth        | 1 2 3 |  3.1
Fighting       | |  3.8
Dodging        | |  4.4

Action                   |  1- 3 |  4- 6 || total
-------------------------+-------+-------++-------
Melee: Unarmed           |    94 |   162 ||   256
       Bite              |    14 |    14 ||    28
       Punch             |     1 |     5 ||     6
  Use: Potion            |       |     4 ||     4
 Stab: Sleeping          |     2 |     5 ||     7
       Distracted        |       |     2 ||     2
  Eat: Chunk             |     4 |     9 ||    13
Armor: Skin              |     5 |     6 ||    11
Dodge: Dodged            |    67 |   145 ||   212
